 Dungeon Crawl Stone Soup version 0.31-a0-1499-ge0622b2318 (webtiles) character file.

Game seed: 12189663372847082664

44 Curundu the Poker (level 3, 0/33 (34) HPs)
             Began as a Minotaur Berserker on Dec 30, 2023.
             Was a Believer of Trog.
             Slain by Crazy Yiuf
             ... wielding a +4 quarterstaff of chaos
              (2 damage)
             ... on level 2 of the Dungeon.
             The game lasted 00:04:04 (1194 turns).

Curundu the Poker (Minotaur Berserker)              Turns: 1194, Time: 00:04:05

HP:   0/33 (34)     AC:  6    Str: 23    XL:     3   Next: 39%
MP:   2/2           EV: 10    Int:  4    God:    Trog [**....]
Gold: 56            SH:  0    Dex:  9    Spells: 2/2 levels left

rFire   . . .        f - +1 dagger (protect)
rCold   . . .        (no shield)
rNeg    . . .        k - +0 scale mail
rPois   .            (helmet restricted)
rElec   .            (no cloak)
rCorr   .            (no gloves)
SInv    .            (no boots)
Will    ++...        (no amulet) Stlth
                     (no ring)
HPRegen 1.25/turn    (no ring)
MPRegen 0.08/turn

%: no passive effects
@: strong-willed, regenerating, lightly drained
A: horns 2, retaliatory headbutt
a: Renounce Religion, Berserk, Trog's Hand


You were on level 2 of the Dungeon.
You worshipped Trog.
Trog was pleased with you.
You visited 1 branch of the dungeon, and saw 2 of its levels.

You collected 56 gold pieces.

Inventory:

Hand Weapons
 f - a +1 dagger of protection (weapon)
Missiles
 c - 5 boomerangs
Armour
 k - a +0 scale mail (worn)
Jewellery
 i - a ring of positive energy
Scrolls
 b - a scroll of noise {unknown}
 e - a scroll of brand weapon {unknown}
 g - a scroll of amnesia {unknown}
Potions
 a - a potion of haste {unknown}
 d - a potion of attraction {unknown}
 h - a potion of curing {unknown}
 j - a potion of heal wounds {unknown}


   Skills:
 + Level 4.3 Fighting
 + Level 4.4 Polearms
 + Level 2.7 Armour
 + Level 2.6 Dodging


You had 2 spell levels left.
You didn't know any spells.
Your spell library was empty.

Dungeon Overview and Level Annotations

Branches:
Dungeon (2/15)

Altars:

Annotations:
D:2 Crazy Yiuf, Robin


Innate Abilities, Weirdness & Mutations

You have a pair of horns on your head.
You reflexively headbutt those who attack you in melee.


Message History

Trog accepts your kill.
You see here a bat corpse.
b - a scroll labelled INUIQYS XADAES
Found a ring mail.
You see here a +0 ring mail.
There is a stone staircase leading down here.
You see here a +0 short sword.
Found a hammer.
Found a runed translucent door.
Crazy Yiuf shouts!
Crazy Yiuf glowers.
Activating: Trog's Hand (2% risk of failure)
Press: ? - help, Q - select action, (/) - cycle Dir - look around, f - activate Your skin crawls.
You feel strong-willed.
You open the door. You barely miss Crazy Yiuf.
You headbutt Crazy Yiuf, but do no damage.
Crazy Yiuf hits you with a +4 quarterstaff of chaos!
Crazy Yiuf freezes you.
You barely miss Crazy Yiuf.
You headbutt Crazy Yiuf, but do no damage.
Crazy Yiuf hits you with a +4 quarterstaff of chaos.
You feel drained.
You hit Crazy Yiuf but do no damage.
Your weapon exudes an aura of protection.
You headbutt Crazy Yiuf!
Crazy Yiuf is heavily wounded.
Crazy Yiuf hits you with a +4 quarterstaff of chaos!
Crazy Yiuf burns you.
You barely miss Crazy Yiuf.
You headbutt Crazy Yiuf, but do no damage.
Crazy Yiuf is heavily wounded.
Crazy Yiuf says, "Buddy cloud Xom!"
Crazy Yiuf hits you but does no damage.
You closely miss Crazy Yiuf. Your headbutt misses Crazy Yiuf.
Crazy Yiuf is heavily wounded.
Crazy Yiuf hits you with a +4 quarterstaff of chaos!
* * * LOW HITPOINT WARNING * * *
Crazy Yiuf freezes you.
You die...

.# #.#
##....#
#.##.#.####
.# #.#
#....#
##.##.#.#...
.####.#
#.P..#
#.(##.#.#.##
......#
#.P.##
#..##.#.#.#
.##..######
##.##
#..##.#.#.#
.###......##
#.##
##....).#.#
.# ######..#
##.#
#####.###.#
.# #### #.##
#.....# #.#
.# ##@#
####..###)#
######## #g#
####......#
........ ...
#..#...#####
######## ###
#...#
##.#...#....
...# #.#
#..)#
##.#...#.###
...# #.#
#####
#......#.#
...# #.#
##.....#.#
...#
#.######
###...#.###
...#
#.##.#.#
#...#...#


You could see Crazy Yiuf.

Vanquished Creatures
  A dart slug (D:1)
  2 endoplasms
  A giant cockroach (D:2)
  12 goblins
  7 hobgoblins
  2 jackals (D:1)
  2 kobolds
  A ball python (D:1)
  2 bats (D:2)
  3 frilled lizards
  4 rats
37 creatures vanquished.

Notes
Turn   | Place    | Note
-------+----------+-------------------------------------------
     0 | D:1      | Curundu the Minotaur Berserker began the quest for the Orb.
     0 | D:1      | Reached XP level 1. HP: 19/19 MP: 0/0
    79 | D:1      | Reached XP level 2. HP: 14/27 MP: 1/1
   171 | D:1      | Found a faded altar of an unknown god.
   786 | D:2      | Reached ** piety under Trog
   787 | D:2      | Reached XP level 3. HP: 33/33 MP: 2/2
   866 | D:2      | Noticed Robin
  1184 | D:2      | Found a runed translucent door.
  1185 | D:2      | Noticed Crazy Yiuf
  1194 | D:2      | Slain by Crazy Yiuf

Illustrated notes

Levels and vault maps discovered:
D:1:      erik_arrival_blinker_ship, layout_rooms,
          ebering_ecumenical_altar_ruins
D:2:      layout_basic, uniq_robin, uniq_crazy_yiuf_cottage

Skill      XL: |  1  2 |
---------------+-------+-----
Fighting       | 4 |  4.3
Polearms       | 4 |  4.4
Armour         | |  2.7
Dodging        | |  2.6

Action                     || total
---------------------------++-------
  Melee: Spear             ||    23
         Headbutt          ||    15
         Dagger            ||    71
 Invoke: Trog's Hand       ||     1
 Armour: Animal skin       ||    45
         Scale mail        ||     8
  Dodge: Dodged            ||    52

Table legend: (Time is in decaauts)
 A = Elapsed time spent in this place.
 B = Non-inter-level travel time spent in this place.
 C = Inter-level travel time spent in this place.
 D = Time resting spent in this place.
 E = Time spent auto-exploring this place.
 F = Levels seen in this place.
 G = Mean time per level.
                   A        B        C        D        E       F      G
               +--------+--------+--------+--------+--------+-----+--------+
         Total |   1191 |   1191 |      0 |      0 |    827 |   2 |  595.5 |
       Dungeon |   1191 |   1191 |      0 |      0 |    827 |   2 |  595.5 |
               +--------+--------+--------+--------+--------+-----+--------+

Top non-repeatable levels by time:
     D:2: 665 daAuts
     D:1: 525 daAuts
